 Dungeon Crawl Stone Soup version 0.28.0-49-g6dfe1f597d (webtiles) character file.

Game seed: 9275695148731390369

1053 101zpm the Magician (level 8, -1/50 HPs)
             Began as a Djinni Fire Elementalist on May 16, 2022.
             Slain by a scorpion (3 damage)
             ... on level 5 of the Dungeon.
             The game lasted 00:12:29 (7827 turns).

101zpm the Magician (Djinni Fire Elementalist)      Turns: 7827, Time: 00:12:30

Health: -1/50      AC:  2    Str:  7    XL:     8   Next: 51%
Gold:   138        EV: 12    Int: 19    God:
                   SH:  0    Dex: 14

rFire   + + .      SeeInvis .   (no weapon)
rCold   x . .      Faith    .   (no shield)
rNeg    . . .      Spirit   .   a - +0 robe
rPois   ∞          Reflect  .   u - +0 hat
rElec   .          Harm     .   (no cloak)
rCorr   .          Rampage  .   (no gloves)
Will    .....                   (boots unavailable)
Stlth   ++........              (no amulet)
HPRegen 0.16/turn               (no ring)
MPRegen 0.00/turn               (no ring)

@: flying
A: sickness immunity, fire resistance 2, cold vulnerability 1, float, innate
caster, HP casting, extra vitality 1
a: no special abilities


You were on level 5 of the Dungeon.
You visited 1 branch of the dungeon, and saw 5 of its levels.
You also visited: Sewer.

You collected 138 gold pieces.

Inventory:

Missiles
 p - 35 poisoned darts
 q - 2 curare-tipped darts
Armour
 a - a +0 robe (worn)
 u - a +0 hat (worn)
Jewellery
 c - a ring of see invisible
 j - a ring of protection from cold
Scrolls
 b - 2 scrolls of teleportation {unknown}
 e - 3 scrolls of noise {unknown}
 f - 2 scrolls of blinking {unknown}
 i - a scroll of enchant armour {unknown}
 k - 4 scrolls of identify {unknown}
 m - 3 scrolls of vulnerability {unknown}
 r - a scroll of immolation {unknown}
Potions
 d - 3 potions of curing {unknown}
 g - 2 potions of haste {unknown}
 h - a potion of lignification {unknown}
 l - a potion of invisibility {unknown}
 n - 3 potions of magic {unknown}
 o - a potion of resistance {unknown}
 s - a potion of flight {unknown}
 t - a potion of degeneration {unknown}


   Skills:
 + Level 2.4 Dodging
 + Level 2.7 Stealth
 + Level 7.3 Spellcasting


You had 2 spell levels left.
You knew the following spells:

 Your Spells              Type           Power      Damage    Failure   Level
a - Foxfire               Conj/Fire      100%       2x1d9     1%          1
b - Scorch                Fire           68%        2d8       1%          2
c - Conjure Flame         Conj/Fire      34%        6-21      1%          3
d - Inner Flame           Hex/Fire       34%        N/A       1%          3
e - Flame Wave            Conj/Fire      34%        2d8       4%          4
f - Freeze                Ice            100%       1d11      1%          1
g - Passwall              Tmut/Erth      28%        N/A       1%          2
h - Call Canine Familiar  Summ           34%        N/A       1%          3
Your spell library was empty.

Dungeon Overview and Level Annotations

Branches:
Dungeon (5/15)              Sewer (visited)
 Temple: D:4-7

Altars:
Hepliaklqana
Sif Muna
Trog
Vehumet
Wu Jian


Innate Abilities, Weirdness & Mutations

You are immune to sickness and miasma.
You are immune to poison.
Your flesh is very heat resistant. (rF++)
You are vulnerable to cold. (rC-)
You float through the air rather than walking.
You learn spells naturally, not from books.
Your magical power is your life essence.
You have superior vitality. (+4 MHP)


Message History

Press: ? - help, Q - select action, (/) - cycle Dir - look around, f - activate You conjure some foxfire!
The foxfire hits something. x2
Unknown command.
Casting: Foxfire (safe; 1% risk of failure)
Confirm with . or Enter, or press ? or * to list all spells.
Flames lash something but do no damage.
The foxfire hits something but does no damage.
The foxfire hits something.
Casting: Scorch (safe; 1% risk of failure)
Confirm with . or Enter, or press ? or * to list all spells.
Flames lash something.
The scorpion zombie is engulfed in blazing flames.
Something hits you. Something bites you.
Casting: Scorch (safe; 1% risk of failure)
Confirm with . or Enter, or press ? or * to list all spells.
Flames lash the scorpion zombie.
The scorpion zombie is severely damaged.
The scorpion zombie's fire resistance burns away.
You hear a shout!
A centaur comes into view.
The scorpion zombie is engulfed in blazing flames.
You hear some strange, mumbled words.
You are confused.
The centaur moves out of view.
You're too confused to cast spells.
You feel a bit more experienced.
You're too confused to cast spells.
You're too confused to cast spells.
The centaur wields a +0 shortbow.
The centaur shoots an arrow.
The arrow misses you. Something hits you. Something bites you!
* * * LOW HITPOINT WARNING * * *
You feel less confused. The scorpion stings you.
* * * LOW HITPOINT WARNING * * *
You hear some strange, mumbled words.
Something tries to affect you, but you resist.
The scorpion stings you.
You die...

... .# ...##.. #O... #.... ..#
..# #........#...###...# ..###...
......... ..°.....# ........
........###.......## ### ....#
...........c.○....>.#..# ....##
#.......O.#.....# ..... .....#
#..............####...# ...####
#......s{.#..#.....<#
......#####...<.@...####.....##
..........#..........####....# #
............................###.#
...................####....##...#
.....................##..........
...........................######
.#.................###....##.....
.####.............####...##..♣...
.# ##.............#.##..##..♣.♣.♣


You could see an ogre, a centaur and a scorpion (inner flame).

Vanquished Creatures
  A vampire mosquito (D:5)
  3 ogres (D:5)
  3 kobold brigands (Sewer)
  A scorpion (D:5)
  A howler monkey (D:5)
  An orc priest (D:5)
  An iguana (D:5)
  A scorpion zombie (D:5)
  3 hound zombies (D:5)
  A hound skeleton (D:5)
  7 river rats
  8 adders
  A white imp (D:5)
  2 worms (D:2)
  2 dart slugs
  3 orcs (D:5)
  4 endoplasms
  5 giant cockroaches
  7 goblins
  8 hobgoblins
  4 jackals
  2 quokkas (D:1)
  7 ball pythons
  2 bats (D:2)
  4 frilled lizards
  19 kobolds
  26 rats
127 creatures vanquished.

Vanquished Creatures (others)
  644 foxfires
644 creatures vanquished.

Grand Total: 771 creatures vanquished

Notes
Turn   | Place    | Note
-------+----------+-------------------------------------------
     0 | D:1      | 101zpm the Djinni Fire Elementalist began the quest for the
                  | Orb.
     0 | D:1      | Reached XP level 1. HP: 15/15 MP: 0/0
   456 | D:1      | Reached XP level 2. HP: 15/21 MP: 0/0
  1361 | D:1      | Reached skill level 3 in Spellcasting
  1463 | D:1      | Reached XP level 3. HP: 24/25 MP: 0/0
  1463 | D:1      | Learned a level 1 spell: Freeze
  2615 | D:2      | Reached XP level 4. HP: 25/31 MP: 0/0
  2794 | D:2      | Found a faded altar of an unknown god.
  3856 | D:3      | Found a hazy altar of Hepliaklqana.
  3856 | D:3      | Found a bloodstained altar of Trog.
  4230 | D:3      | Reached XP level 5. HP: 26/35 MP: 0/0
  4230 | D:3      | Learned a level 2 spell: Passwall
  4358 | D:3      | Found a glowing drain.
  4419 | D:3      | Reached skill level 4 in Spellcasting
  4423 | Sewer    | Entered a sewer
  4627 | Sewer    | Noticed a kobold brigand
  4633 | Sewer    | Killed a kobold brigand
  4634 | Sewer    | Reached XP level 6. HP: 29/40 MP: 0/0
  5700 | Sewer    | Reached skill level 5 in Spellcasting
  5910 | Sewer    | Reached XP level 7. HP: 38/45 MP: 0/0
  5910 | Sewer    | Learned a level 3 spell: Call Canine Familiar
  6697 | D:5      | Entered Level 5 of the Dungeon
  6704 | D:5      | Found an ornate altar of the Wu Jian Council.
  6758 | D:5      | Reached skill level 6 in Spellcasting
  6986 | D:5      | Reached XP level 8. HP: 6/50 MP: 0/0
  7810 | D:5      | Noticed a vampire
  7812 | D:5      | Reached skill level 7 in Spellcasting
  7826 | D:5      | HP: 1/50 [scorpion (6)]
  7827 | D:5      | Slain by a scorpion

Illustrated notes

Levels and vault maps discovered:
D:1:      dpeg_arrival_erosion, layout_basic
D:2:      layout_basic, nicolae_ecumenical_oubliette,
          kennysheep_decorative_pillar
D:3:      layout_basic, chequers_temple_overflow_statue_of_worship,
          portal_sewer_entry_a
D:4:      nicolae_cairo_tiling_very_big, layout_cave_pools, nrook_loot_triangle,
          minivault_5
D:5:      layout_cave_pools, mainiacjoe_overflow_brackets,
          kennysheep_cluttered_room, st_stairs_8, minmay_manual_macuahuitl

Skill      XL: |  1  2  3  4  5  6  7  8 |
---------------+-------------------------+-----
Spellcasting   | 3 4 5 6 7 |  7.3
Stealth        | 2 |  2.7
Dodging        | |  2.4

Action                   |  1- 3 |  4- 6 |  7- 9 || total
-------------------------+-------+-------+-------++-------
 Cast: Foxfire           |   122 |   186 |    92 ||   400
       Scorch            |     3 |    12 |    12 ||    27
       Inner Flame       |       |    16 |    21 ||    37
       Call Canine Famil |       |       |     4 ||     4
Armor: Robe              |     3 |     1 |       ||     4
Dodge: Dodged            |     1 |     9 |     4 ||    14
